 Dungeon Crawl Stone Soup version 0.30-b1-2-g02819fbbbe (webtiles) character file.

Game seed: 7884379631951826074

9 Alarkh the Charlatan (level 2, 20/22 HPs)
             Began as a Demonspawn Artificer on July 11, 2023.
             Got out of the dungeon alive.
             The game lasted 00:00:22 (173 turns).

Alarkh the Charlatan (Demonspawn Artificer)          Turns: 173, Time: 00:00:22

Health: 20/22      AC:  3    Str: 12    XL:     2   Next: 3%
Magic:  2/2        EV: 11    Int: 12    God:
Gold:   5          SH:  0    Dex: 13    Spells: 1/1 levels left

rFire   . . .        a - +0 club
rCold   . . .        (no shield)
rNeg    . . .        b - +0 leather armour
rPois   .            (no helmet)
rElec   .            (no cloak)
rCorr   .            (no gloves)
SInv    .            (no boots)
Will    .....        (no amulet)
Stlth   +            (no ring)
HPRegen 0.23/turn    (no ring)
MPRegen 0.08/turn

%: no passive effects
@: no status effects
A: sanguine armour 1
a: no special abilities


You escaped.
You visited 1 branch of the dungeon, and saw 1 of its levels.

You collected 5 gold pieces.

Inventory:

Hand Weapons
 a - a +0 club (weapon)
Armour
 b - a +0 leather armour (worn)
Wands
 c - a wand of flame (12) (quivered)
 d - a wand of charming (15)
 e - a wand of iceblast (5)


   Skills:
 + Level 2.1 Fighting
 - Level 1.7 Armour
 - Level 0.8 Dodging
 - Level 0.8 Stealth
 - Level 3.0 Evocations


You had one spell level left.
You didn't know any spells.
Your spell library was empty.

Dungeon Overview and Level Annotations

Branches:
Dungeon (1/15)

Altars:


Innate Abilities, Weirdness & Mutations

When seriously injured, your blood forms armour. (AC +0)


Message History

You hit the jackal.
The jackal is almost dead.
The jackal misses you. The jackal closely misses you.
You hit the jackal.
You kill the jackal!
Aiming: Throw Flame
Press: ? - help, Shift-Dir - straight line, f - jackal
Aim: a jackal (64% to hit)
The puff of flame hits the jackal.
You kill the jackal!
The frilled lizard hisses.
Aiming: Throw Flame
Press: ? - help, Shift-Dir - straight line, f - frilled lizard
Aim: a frilled lizard (53% to hit)
The puff of flame hits the frilled lizard!
You kill the frilled lizard!
Your Fighting skill increases to level 2!
You hit the frilled lizard.
You kill the frilled lizard!
Things that are here:
a frilled lizard corpse; a jackal corpse Unknown command.
A jackal is nearby!
A jackal is nearby!
A jackal is nearby!
You are too injured to fight recklessly!
Aiming: Throw Flame
Press: ? - help, Shift-Dir - straight line, f - jackal
Aim: a jackal (64% to hit)
The puff of flame hits the jackal!
You kill the jackal!
You have reached level 2!
Your demonic ancestry asserts itself...
You feel your blood ready itself to protect you.
Unknown command.
Your blood congeals into armour.
Your blood armour dries and flakes away.
There is a staircase leading out of the dungeon here.
Are you sure you want to leave the Dungeon?
This will make you lose the game!
You have escaped!

# ##..####.###....#..#
##...#..# ####>>..#
###...## ####.## #.###
#..## #.#
######..###### #.#
####...........≈# #.#
#.........~~~≈≈≈#
#.#####.......≈≈≈≈≈≈≈≈#
#........@#..~~≈≈≈≈≈≈≈#
#####.##.##.~≈≈≈≈≈≈≈≈≈#
#.......~≈≈≈≈≈≈≈≈≈#
####...~~≈≈≈≈≈≈≈≈≈#
#...≈≈≈≈≈≈≈≈≈≈≈#
#..~~≈≈≈≈≈≈≈≈≈≈
#..~≈≈≈≈≈≈≈≈≈≈
..~~≈≈≈≈≈≈≈≈~
.~≈≈≈≈≈≈≈≈≈≈≈


There were no monsters in sight!

Vanquished Creatures
  4 jackals (D:1)
  3 frilled lizards (D:1)
  2 kobolds (D:1)
9 creatures vanquished.

Notes
Turn   | Place    | Note
-------+----------+-------------------------------------------
     0 | D:1      | Alarkh the Demonspawn Artificer began the quest for the
                  | Orb.
     0 | D:1      | Reached XP level 1. HP: 15/15 MP: 1/1
   139 | D:1      | Gained mutation: When seriously injured, your blood forms
                  | armour. (AC +0) [demonic ancestry]
   139 | D:1      | Reached XP level 2. HP: 12/22 MP: 2/2
   173 | D:$      | Got out of the dungeon alive.

Illustrated notes

Levels and vault maps discovered:
D:1:      dpeg_arrival_water_altar, layout_rooms

Skill      XL: |  1 |
---------------+----+-----
Fighting       | 2 |  2.1
Armour         | |  1.7
Dodging        | |  0.8
Stealth        | |  0.8
Evocations     | |  3.0

Action                     || total
---------------------------++-------
  Melee: Club              ||    30
  Evoke: Wand              ||     3
 Armour: Leather armour    ||     7
  Dodge: Dodged            ||    28
